 Dungeon Crawl Stone Soup version 0.21.0-25-ge575cb9 (webtiles) character file.

8141 HEYYEYAAE the Geomancer (level 10, -3/81 HPs)
             Began as a Demigod Earth Elementalist on Jan 24, 2018.
             Slain by a yak (10 damage)
             ... on level 10 of the Dungeon.
             The game lasted 00:15:43 (10032 turns).

HEYYEYAAE the Geomancer (DgEE)                     Turns: 10032, Time: 00:15:44

Health: -3/81      AC:  6    Str: 11    XL:     10   Next: 78%
Magic:  22/25      EV: 16    Int: 25    God:
Gold:   495        SH:  0    Dex: 20    Spells: 20/24 levels left

rFire    . . .     SeeInvis +   r - +4 quarterstaff (chaos)
rCold    . . .     Gourm    .   (shield currently unavailable)
rNeg     . . .     Faith    .   D - +0 robe "Ateq" {Dex+4 Slay+2}
rPois    +         Spirit   .   n - +0 helmet
rElec    .         Reflect  .   s - +0 cloak
rCorr    .         Harm     .   (no gloves)
MR       +....                  l - +0 pair of boots
Stlth    ++........             (no amulet)
HPRegen  0.23/turn              C - ring of poison resistance
MPRegen  0.19/turn              z - ring of see invisible

@: no status effects
A: high mp 1
a: no special abilities


You were on level 10 of the Dungeon.
You were very hungry.

You visited 2 branches of the dungeon, and saw 11 of its levels.

You collected 651 gold pieces.
You spent 156 gold pieces at shops.

Inventory:

Hand Weapons
 r - a +4 quarterstaff of chaos (weapon)
Missiles
 d - 41 stones (quivered)
Armour
 l - a +0 pair of boots (worn)
 n - a +0 helmet (worn)
 s - a +0 cloak (worn)
 D - the +0 robe "Ateq" (worn) {Dex+4 Slay+2}
   (You found it on level 7 of the Dungeon)

   It affects your dexterity (+4).
   It affects your accuracy and damage with ranged weapons and melee attacks
   (+2).
 G - a +2 large shield of cold resistance
Jewellery
 z - a ring of see invisible (right hand)
 C - a ring of poison resistance (left hand)
Wands
 g - a wand of disintegration (5)
 x - a wand of enslavement (25)
 E - a wand of paralysis (9)
 F - a wand of iceblast (2)
Scrolls
 a - a scroll of blinking
 c - a scroll of silence {unknown}
 f - 3 scrolls of immolation
 h - 2 scrolls of fog
 i - 5 scrolls of remove curse
 j - 2 scrolls of teleportation
 k - 5 scrolls of magic mapping
 m - 2 scrolls of amnesia
 u - 2 scrolls of noise
 y - a scroll of enchant weapon {unknown}
 A - 2 scrolls of vulnerability
Potions
 b - 6 potions of curing
 o - 2 potions of degeneration
 q - 4 potions of magic
 t - a potion of might
 v - a potion of lignification
 w - 3 potions of flight
 B - 2 potions of brilliance {unknown}
 H - 3 potions of haste {unknown}
Books
 e - a book of Geomancy

   Spells                             Type                      Level
   a - Sandblast                      Earth                        1
   b - Passwall                       Transmutation/Earth          2
   c - Stone Arrow                    Conjuration/Earth            3
   d - Petrify                        Transmutation/Earth          4
   e - Lee's Rapid Deconstruction     Earth                        5
Comestibles
 p - 9 rations


   Skills:
 + Level 5.5 Fighting
 + Level 5.4 Armour
 + Level 5.9 Dodging
 - Level 1.7 Stealth
 + Level 1.0 Shields
 * Level 7.6 Spellcasting
   Level 0.8 Transmutations
 * Level 8.5 Earth Magic
 + Level 4.1 Evocations


You had 20 spell levels left.
You knew the following spells:

 Your Spells              Type           Power        Failure   Level  Hunger
a - Sandblast             Erth           ######       1%          1    None
b - Stone Arrow           Conj/Erth      ####..       3%          3    None


Dungeon Overview and Level Annotations

Branches:
Dungeon (10/15)            Temple (0/1) D:5            Lair (1/6) D:8
    Orc: D:9-12

Shops:
D:4 %=**


Innate Abilities, Weirdness & Mutations

You have an increased reservoir of magic. (+10% MP)


Message History

* * * LOW HITPOINT WARNING * * *
Casting: Sandblast
Confirm with . or Enter, or press ? or * to list all spells.
Aiming: Sandblast
Press: ? - help, Shift-Dir - straight line, f/p - yak
Aim: a yak (moderately wounded)
The blast of sand hits the yak.
The yak is heavily wounded.
d - 42 stones The yak completely misses you.
Casting: Sandblast
Confirm with . or Enter, or press ? or * to list all spells.
Aiming: Sandblast
Press: ? - help, Shift-Dir - straight line, f/p - yak
Aim: a yak (heavily wounded)
The blast of sand hits the yak.
The yak is almost dead.
d - 41 stones The yak gores you!
You die...

.........# #..#
.........# #..#
.........# #..#
.........# #..#
.........# #..#
.........# #..######
.........# #.<......
.........# #...#####
.......Y@# #...#
........†# #...#
.........########...#
....................#
....................#
..........#######...#
..........# #...#
$......$.# #...#
....>....# #.†.#


You could see a yak.

Vanquished Creatures
  A two-headed ogre (D:9)
  Erica (D:9)
  Joseph (D:7)
  A centaur skeleton (D:7)
  A komodo dragon (D:8)
  A hornet (D:9)
  3 hippogriffs
  A spriggan (D:7)
  9 yaks
  2 orc warriors (D:9)
  An ice beast (D:10)
  4 phantoms
  4 sky beasts
  4 ogres
  4 centaurs
  2 big kobolds
  4 scorpions
  5 killer bees
  3 howler monkeys
  3 crimson imps
  A bullfrog zombie (D:9)
  A quasit (D:8)
  8 hounds
  4 jellies
  A gnoll shaman (D:8)
  5 orc priests
  Crazy Yiuf (D:3)
  A bullfrog skeleton (D:5)
  Terence (D:2)
  An iguana (D:8)
  5 orc wizards
  4 worker ants
  A hound zombie (D:6)
  A hound skeleton (D:9)
  3 worker ant zombies
  4 gnolls (D:8)
  12 adders
  2 shadow imps
  An adder zombie (D:9)
  An adder skeleton (D:5)
  3 worms
  8 leopard geckos
  21 orcs
  10 bats
  A bat zombie (D:9)
  4 giant cockroaches
  10 goblins
  7 hobgoblins
  5 jackals
  14 kobolds
  4 quokkas
  2 ball pythons
  5 frilled lizards
  A leopard gecko skeleton (D:4)
  8 rats
216 creatures vanquished.

Vanquished Creatures (collateral kills)
  A yak (D:10)
1 creature vanquished.

Vanquished Creatures (others)
  A quokka (D:5)
  10 plants (D:8)
11 creatures vanquished.

Grand Total: 228 creatures vanquished

Notes
Turn   | Place    | Note
-------+----------+-------------------------------------------
     0 | D:1      | HEYYEYAAE the Demigod Earth Elementalist began the quest for the Orb.
     0 | D:1      | Reached XP level 1. HP: 14/14 MP: 5/5
   197 | D:1      | Reached XP level 2. HP: 4/20 MP: 4/7
   753 | D:1      | Reached skill level 3 in Earth Magic
  1120 | D:1      | Found a glowing silver altar of Zin.
  1212 | D:2      | Reached XP level 3. HP: 4/27 MP: 3/9
  1373 | D:2      | Found a runed door.
  1466 | D:2      | Noticed Crazy Yiuf
  2128 | D:3      | Noticed Terence
  2405 | D:3      | Learned a level 3 spell: Stone Arrow
  3146 | D:3      | Reached skill level 1 in Fighting
  3146 | D:3      | Reached skill level 1 in Armour
  3146 | D:3      | Reached XP level 4. HP: 35/35 MP: 8/10
  3212 | D:3      | Killed Crazy Yiuf
  3249 | D:3      | Reached XP level 5. HP: 31/40 MP: 10/12
  3382 | D:2      | Killed Terence
  3704 | D:3      | Found a blossoming altar of Fedhas.
  3988 | D:4      | Reached skill level 4 in Earth Magic
  4117 | D:4      | Reached XP level 6. HP: 48/48 MP: 12/14
  4165 | D:4      | Found Odut's General Store.
  4173 | D:4      | Bought a potion of magic for 96 gold pieces
  4173 | D:4      | Bought a potion of heal wounds for 60 gold pieces
  4253 | D:4      | Found Hygethri's Assorted Antiques.
  4253 | D:4      | Found Yhyla's Jewellery Shoppe.
  4842 | D:4      | Found Suof's Food Shop.
  4923 | D:5      | Entered Level 5 of the Dungeon
  4957 | D:5      | Reached XP level 7. HP: 13/56 MP: 11/16
  5359 | D:5      | Reached skill level 5 in Earth Magic
  5434 | D:5      | Found a basalt altar of Yredelemnul.
  5465 | D:5      | Found a staircase to the Ecumenical Temple.
  5594 | D:5      | Found a white marble altar of Elyvilon.
  5722 | D:5      | Reached XP level 8. HP: 35/63 MP: 12/18
  5794 | D:5      | Found a burning altar of Makhleb.
  5910 | D:6      | Reached skill level 5 in Spellcasting
  5940 | D:6      | Found a shattered altar of Ashenzari.
  6121 | D:6      | Found an iron altar of Okawaru.
  6561 | D:7      | Reached skill level 6 in Earth Magic
  6654 | D:7      | Noticed Joseph
  6668 | D:7      | Killed Joseph
  6668 | D:7      | Reached skill level 1 in Evocations
  6861 | D:7      | Got a warped robe
  6875 | D:7      | Identified the +0 robe "Ateq" {Dex+4 Slay+2} (You found it on level 7 of the Dungeon)
  6901 | D:7      | Found a hide-covered altar of Uskayaw.
  7212 | D:7      | Reached XP level 9. HP: 46/71 MP: 19/21
  8127 | D:8      | Reached skill level 7 in Earth Magic
  8359 | D:8      | Noticed a komodo dragon
  8365 | D:8      | Killed a komodo dragon
  8365 | D:8      | Reached skill level 5 in Dodging
  8367 | D:8      | Found a staircase to the Lair.
  8651 | Lair:1   | Entered Level 1 of the Lair of Beasts
  8825 | D:9      | Found an ornate altar of the Wu Jian Council.
  8916 | D:9      | Noticed Erica
  8924 | D:9      | Killed Erica
  8924 | D:9      | Reached XP level 10. HP: 70/80 MP: 20/24
  8925 | D:9      | Reached skill level 5 in Fighting
  9260 | D:9      | Reached skill level 5 in Armour
  9260 | D:9      | Reached skill level 8 in Earth Magic
  9260 | D:9      | Paralysed by an orc for 2 turns
  9263 | D:9      | Paralysed by an orc for 4 turns
  9432 | D:9      | Noticed a two-headed ogre
  9438 | D:9      | Killed a two-headed ogre
  9736 | D:9      | Found an ancient bone altar of Kikubaaqudgha.
  9799 | D:10     | Entered Level 10 of the Dungeon
 10005 | D:10     | Reached skill level 1 in Shields
 10032 | D:10     | Slain by a yak

Skill      XL: |  1  2  3  4  5  6  7  8  9 10 |
---------------+-------------------------------+-----
Spellcasting   | 2 3 4 5 6 7 |  7.6
Dodging        | 2 3 4 5 |  5.9
Earth Magic    | 3 4 5 6 7 8 |  8.5
Fighting       | 1 2 3 4 5 |  5.5
Armour         | 1 2 3 4 5 |  5.4
Evocations     | 1 3 4 |  4.1
Shields        | 1 |  1.0
Stealth        | |  1.7
Transmutations | |  0.8

Action                   |  1- 3 |  4- 6 |  7- 9 | 10-12 || total
-------------------------+-------+-------+-------+-------++-------
Melee: Unarmed           |    62 |     8 |       |       ||    70
       Quarterstaff      |       |    85 |   108 |    49 ||   242
 Cast: Sandblast         |    71 |    33 |   111 |    67 ||   282
       Stone Arrow       |    10 |       |       |       ||    10
Evoke: Wand              |       |       |    10 |     1 ||    11
  Use: Scroll            |     8 |     4 |     8 |       ||    20
       Potion            |     1 |       |     1 |       ||     2
 Stab: Sleeping          |     2 |     1 |    10 |     2 ||    15
       Distracted        |     1 |       |       |       ||     1
       Confused          |       |       |     1 |       ||     1
  Eat: Chunk             |     4 |     6 |    10 |     2 ||    22
       Ration            |     1 |       |     1 |       ||     2
Armor: Robe              |    28 |    30 |    41 |    19 ||   118
Dodge: Dodged            |    89 |    73 |   112 |    58 ||   332
